 Dungeon Crawl Stone Soup version 0.29.1-2-gbd0b4ee654 (webtiles) character file.

Game seed: 16634182951884789426

346 qeuew the Sneak (level 6, -2/28 HPs)
             Began as a Spriggan Enchanter on Nov 8, 2022.
             Was an Initiate of Gozag.
             Slain by an orc
             ... wielding a +0 mace
              (4 damage)
             ... in the Ecumenical Temple.
             The game lasted 00:05:53 (4009 turns).

qeuew the Sneak (Spriggan Enchanter)                Turns: 4009, Time: 00:05:54

Health: -2/28      AC:  4    Str:  8    XL:     6   Next: 32%
Magic:  6/13       EV: 16    Int: 15    God:    Gozag
Gold:   122        SH:  0    Dex: 17    Spells: 11/13 levels left

rFire   + . .      SeeInvis +   k - +0 short sword (venom)
rCold   . . .      Faith    .   (no shield)
rNeg    + . .      Spirit   .   f - +2 robe {rF+}
rPois   .          Reflect  .   d - +0 hat {Stlth+}
rElec   .          Harm     .   (no cloak)
rCorr   .          Rampage  .   (gloves unavailable)
Will    +....                   (boots unavailable)
Stlth   ++++......              (no amulet)
HPRegen 0.09/turn               i - ring of positive energy
MPRegen 0.13/turn               (no ring)

@: gold aura, constricted, invisible, very quick
A: very small, no large weapons, unfitting armour, see invisible, speed 3,
strong 1
a: Renounce Religion, Potion Petition, Call Merchant, Bribe Branch


You were in the Ecumenical Temple.
You worshipped Gozag.
Gozag was aware of your devotion.
You visited 2 branches of the dungeon, and saw 5 of its levels.

You collected 181 gold pieces.
You paid 59 gold pieces to Gozag.

Inventory:

Hand Weapons
 k - a +0 short sword of venom (weapon)
Armour
 d - a +0 hat of stealth (worn)
 f - a +2 robe of fire resistance (worn)
Jewellery
 i - a ring of positive energy (left hand)
Scrolls
 h - a scroll of identify
 j - a scroll of blinking {unknown}
Potions
 b - a potion of haste {unknown}
 e - a potion of flight
 g - a potion of berserk rage {unknown}


   Skills:
 + Level 3.2 Short Blades
 + Level 4.6 Dodging
 + Level 6.2 Stealth
 + Level 4.3 Spellcasting
 + Level 5.0 Hexes


You had 11 spell levels left.
You knew the following spells:

 Your Spells              Type           Power      Damage    Failure   Level
a - Ensorcelled Hibernat  Hex/Ice        20%        N/A       10%         2

Your spell library contained the following spells:

 Spells                   Type           Power      Damage    Failure   Level
 Confusing Touch          Hex            18%        N/A       7%          3
 Tukima's Dance           Hex            18%        N/A       7%          3
 Sandblast                Erth           6%         2d5       17%         1
 Dazzling Flash           Conj/Hex       20%        N/A       19%         3


Dungeon Overview and Level Annotations

Branches:
Dungeon (4/15)             Temple (1/1) D:4

Altars:
Dithmenos
Elyvilon
Gozag
Makhleb
Okawaru
Ru
Sif Muna
Vehumet
Zin
The Shining One
Lugonu

Shops:
D:1 !


Innate Abilities, Weirdness & Mutations

You are very small and have problems with some larger weapons.
You are too small for most types of armour.
You have supernaturally acute eyesight. (SInv)
You cover ground extremely quickly. (Speed+++)
Your muscles are strong. (Str +4, Int/Dex -1)


Message History

Aiming: Ensorcelled Hibernation (safe; 10% risk of failure)
Press: ? - help, Q - select action, (/) - cycle Shift-Dir - straight line, f/p - orc wizard
Aim: an orc wizard, wielding a +0 dagger and wearing a +0 robe (chance to affect: 44%)
The orc wizard resists with some effort.
The orc wizard hits you with a +0 dagger.
The orc misses you. The orc hits you but does no damage.
The ball python completely misses you. The ball python barely misses you.
Aiming: Ensorcelled Hibernation (safe; 10% risk of failure)
Press: ? - help, Q - select action, (/) - cycle Shift-Dir - straight line, f/p - orc wizard
Aim: an orc wizard, wielding a +0 dagger and wearing a +0 robe (chance to affect: 44%)
The orc wizard looks drowsy...
The ball python closely misses you. The ball python barely misses you.
The orc misses you. The orc hits you with a +0 short sword.
The helpless orc wizard fails to defend itself.
You impale the orc wizard!!
You kill the orc wizard!
The ball python closely misses you. x2; The orc completely misses you.
The orc closely misses you.
Your Hexes skill increases to level 5!
Aiming: Ensorcelled Hibernation (safe; 10% risk of failure)
Press: ? - help, Q - select action, (/) - cycle Shift-Dir - straight line, f - orc
Aim: an orc, wielding a +0 short sword and wearing a +0 chain mail (chance to affect: 62%)
The orc resists with significant effort.
The ball python misses you. The ball python grabs you.
The ball python constricts you.
The orc hits you with a +0 short sword. x2
* * * LOW HITPOINT WARNING * * *
You hit the orc but do no damage. The ball python closely misses you.
The ball python constricts you. The orc hits you with a +0 short sword.
* * * LOW HITPOINT WARNING * * *
You fade into invisibility!
The ball python bites you.
* * * LOW HITPOINT WARNING * * *
The ball python constricts you. The orc completely misses you.
The orc hits you with a +0 short sword.
* * * LOW HITPOINT WARNING * * *
The ball python misses you. The ball python constricts you.
You closely miss the ball python. The orc misses you.
The orc hits you with a +0 mace.
You die...
Your body crumbles into a pile of gold.

##._.## #~≈#..#
#_.⌠~_# #§..≈.#
#§_.# ### #...#
._####...#########
...........#..~So#
.⌠._...~≈.#....o@#
...~...).......oP#
#_.###.~.#########
#### #.~)# ##._≈##
#.....# #_.⌠._#
#..~..# ##._###


You could see 3 orcs and a ball python (wandering, unable to see you).

Vanquished Creatures
  Sigmund (D:3)
  An orc priest (D:3)
  2 orc wizards
  4 adders (D:2)
  3 dart slugs
  6 orcs
  7 ball pythons
  5 endoplasms
  6 goblins
  5 hobgoblins
  2 jackals (D:1)
  3 quokkas
  4 bats
  6 frilled lizards
  4 kobolds
  6 rats
65 creatures vanquished.

Vanquished Creatures (others)
  A demonic plant (Temple)
1 creature vanquished.

Grand Total: 66 creatures vanquished

Notes
Turn   | Place    | Note
-------+----------+-------------------------------------------
     0 | D:1      | qeuew the Spriggan Enchanter began the quest for the Orb.
     0 | D:1      | Reached XP level 1. HP: 9/9 MP: 5/5
   480 | D:1      | Reached XP level 2. HP: 13/13 MP: 6/6
   493 | D:1      | Found Retekulu's Distillery.
   497 | D:1      | Learned a level 2 spell: Ensorcelled Hibernation
   947 | D:1      | Identified a scroll of acquirement
   947 | D:1      | Acquired a +0 hat of stealth
  1268 | D:2      | Reached XP level 3. HP: 15/16 MP: 8/8
  1431 | D:2      | Reached skill level 5 in Stealth
  2042 | D:2      | Reached XP level 4. HP: 6/21 MP: 5/10
  2467 | D:2      | Gained mutation: Your muscles are strong. (Str +4, Int/Dex
                  | -1) [potion of mutation]
  2486 | D:3      | Noticed Sigmund
  2493 | D:3      | Killed Sigmund
  2494 | D:3      | Reached skill level 6 in Stealth
  2494 | D:3      | Reached XP level 5. HP: 24/24 MP: 8/12
  2752 | D:3      | Found an iron altar of Okawaru.
  2760 | D:3      | Reached XP level 6. HP: 24/28 MP: 8/13
  3336 | D:3      | Found a faded altar of an unknown god.
  3348 | D:3      | Got Plato's Spellbook of the Geologist
  3651 | D:4      | Found a staircase to the Ecumenical Temple.
  3659 | Temple   | Entered the Ecumenical Temple
  3684 | Temple   | Became a worshipper of Gozag Ym Sagoz the Greedy
  4006 | Temple   | Reached skill level 5 in Hexes
  4009 | Temple   | Slain by an orc

Illustrated notes

Levels and vault maps discovered:
D:1:      roderic_octagonal_star, layout_rooms, serial_shops, shop
D:2:      layout_basic, grunt_decor_resistance
D:3:      layout_basic, lemuel_round_altar, shapermc_ecumenical_altar_rom_forum,
          st_stairs_7, nicolae_titane, uniq_sigmund
D:4:      cheibrodos_helix_gallery, layout_basic, mainiacjoe_overflow_alcove_1,
          mainiacjoe_overflow_six_doors_small, minmay_temple_entry_sparse_star,
          serial_shops, nicolae_shop_window_shopping
Temple:   corrupted_temple

Skill      XL: |  1  2  3  4  5  6 |
---------------+-------------------+-----
Dodging        | 3 4 |  4.6
Spellcasting   | 3 4 |  4.3
Hexes          | 4 5 |  5.0
Stealth        | 5 6 |  6.2
Short Blades   | 2 3 |  3.2

Action                   |  1- 3 |  4- 6 || total
-------------------------+-------+-------++-------
Melee: Dagger            |   113 |    81 ||   194
       Punch             |     2 |     1 ||     3
       Short sword       |       |     4 ||     4
 Cast: Ensorcelled Hiber |    11 |    18 ||    29
  Use: Scroll            |     4 |     1 ||     5
       Potion            |     1 |     4 ||     5
 Stab: Sleeping          |    14 |    13 ||    27
       Invisible         |       |     1 ||     1
Armor: Robe              |    15 |    16 ||    31
Dodge: Dodged            |    79 |   119 ||   198
